 Dungeon Crawl Stone Soup version 0.18-a0-1788-g92de1ac (webtiles) character file.

121 Ijustatesigmund the Chucker (level 4, -6/42 HPs)
             Began as a Troll Hunter on Apr 19, 2016.
             Mangled by an ice beast (14 damage)
             ... on level 4 of the Dungeon.
             The game lasted 00:04:25 (2359 turns).

Ijustatesigmund the Chucker (Troll Hunter)          Turns: 2359, Time: 00:04:25

Health: -6/42      AC:  6    Str: 20    XL:     4   Next: 77%
Magic:  0/3        EV: 10    Int:  7    God:
Gold:   111        SH:  0    Dex: 11    Spells: 0 memorised, 3 levels left

rFire  . . .     SeeInvis .       - Unarmed
rCold  . . .     Gourm    +     b - +1 robe
rNeg   . . .     Faith    .     (no shield)
rPois  .         Spirit   +     (helmet restricted)
rElec  .         Dismiss  .     (no cloak)
rCorr  +         Reflect  .     (gloves unavailable)
SustAt .         Harm     .     (boots unavailable)
MR     .....                    h - amulet of guardian spirit
Stlth  ++........               n - ring of resist corrosion
                                e - ring of flight

@: not resistant to hostile enchantments, unstealthy
A: unfitting armour, claws 3, fast metabolism 3, gourmand, regeneration 2,
shaggy fur 1, tough skin 2
a: Evoke Flight


You were on level 4 of the Dungeon.
You were hungry.

You visited 1 branch of the dungeon, and saw 5 of its levels.

You collected 111 gold pieces.

Inventory:

Missiles
 c - 2 large rocks (quivered)
 d - 2 throwing nets
Armour
 b - a +1 robe (worn)
Jewellery
 e - a ring of flight (left claw)
 h - an amulet of guardian spirit (around neck)
 n - a ring of resist corrosion (right claw)
Wands
 r - a wand of iceblast (6/15)
Scrolls
 o - a scroll of remove curse
Potions
 a - 5 potions of haste
 i - a potion of flight
 k - a potion of mutation {unknown}
 l - a potion of degeneration {unknown}
 m - a potion of cure mutation {unknown}
 p - a potion of brilliance {unknown}
 q - a potion of might {unknown}
Comestibles
 f - 3 bread rations
 g - 4 fruits
 j - a beef jerky


   Skills:
 + Level 2.2 Fighting
 - Level 3.6 Throwing
 - Level 1.5 Dodging
 * Level 1.9 Stealth
 * Level 2.7 Unarmed Combat


You had 3 spell levels left.
You didn't know any spells.

Dungeon Overview and Level Annotations

Branches:
Dungeon (5/15)
 Temple: D:4-7

Altars:
Qazlal
Sif Muna


Innate Abilities, Weirdness & Mutations

You are too large for most types of armour.
You have claws for hands.
Your metabolism is lightning-fast.
You like to eat raw meat.
You heal very quickly.
You are covered in fur (AC +1).
You have very tough skin (AC +2).


Message History

The ice beast is severely wounded.
The ice beast hits you. The ice beast freezes you!
The ice beast hits you but does no damage.
Throwing (i - inventory. (,) - cycle):
c - 4 large rocks (quivered)
Press: ? - help, Shift-Dir - straight line, f/p - ice beast
Aim: an ice beast (severely wounded)
You throw a large rock.
The large rock closely misses the ice beast.
The ice beast closely misses you. The ice beast hits you.
The ice beast freezes you!
* * * LOW HITPOINT WARNING * * *
Throwing (i - inventory. (,) - cycle):
c - 3 large rocks (quivered)
Press: ? - help, Shift-Dir - straight line, f/p - ice beast
Aim: an ice beast (severely wounded)
You throw a large rock.
The large rock closely misses the ice beast.
The ice beast hits you.
* * * LOW HITPOINT WARNING * * *
The ice beast freezes you!
You die...

....................+......#.
............÷.......#......#.
.##.....##########'##......#.
#.....#..................##
#.....+....................
#)....#....................
#..####..........(.........
#..#.....†###+#....######..
#......@...#....# #..
'.....Y#...'....# #..
#......#...#....# +..
#......#..##....# #..
#......#..#.....# #..
#.(....#..#.....# #..
##.....#..#.....# #..
#.....#..#.....######..
#..#.............


You could see an ice beast.

Vanquished Creatures
  A howler monkey (D:4)
  2 adders
  2 oozes
  2 worms
  A dart slug (D:2)
  3 giant geckos
  9 goblins
  6 hobgoblins
  3 jackals (D:1)
  A ball python (D:3)
  5 bats
  A giant newt (D:1)
  5 kobolds
  5 rats
46 creatures vanquished.

Notes
Turn   | Place    | Note
--------------------------------------------------------------
     0 | D:1      | Ijustatesigmund the Troll Hunter began the quest for the Orb.
     0 | D:1      | Reached XP level 1. HP: 19/19 MP: 0/0
    73 | D:1      | Reached XP level 2. HP: 28/28 MP: 1/1
   176 | D:1      | Reached skill level 1 in Unarmed Combat
   177 | D:1      | Reached skill level 1 in Stealth
   539 | D:1      | Reached XP level 3. HP: 35/35 MP: 2/2
   995 | D:2      | Found a stormy altar of Qazlal.
  1687 | D:3      | You fall through a shaft for 2 floors!
  1687 | D:5      | Entered Level 5 of the Dungeon
  1765 | D:4      | Reached XP level 4. HP: 42/42 MP: 3/3
  1893 | D:3      | Found a deep blue altar of Sif Muna.
  2344 | D:4      | Noticed an ice beast
  2359 | D:4      | Mangled by an ice beast

Vault maps used:
D:1:      nicolae_arrival_memento_mori
D:2:      nicolae_qazlal_eye_of_the_storm
D:3:      led_sif_pool
D:4:      kennysheep_mini_moat
D:5:      first_bread, serial_shops, nicolae_shop_crystal, uniq_edmund,
          uniq_duvessa

Skill      XL: |  1  2  3 |
---------------+----------+-----
Unarmed Combat | 1 2 |  2.7
Stealth        | 1 |  1.9
Fighting       | 2 |  2.2
Throwing       | |  3.6
Dodging        | |  1.5

Action                   |  1- 3 |  4- 6 || total
-------------------------+-------+-------++-------
Melee: Unarmed           |   119 |    22 ||   141
Throw: Large rock        |     5 |     3 ||     8
  Use: Scroll            |     3 |     6 ||     9
 Stab: Sleeping          |     5 |       ||     5
  Eat: Chunk             |    18 |       ||    18
Armor: Robe              |    54 |    17 ||    71
Dodge: Dodged            |    73 |    17 ||    90
